 Dungeon Crawl Stone Soup version 0.29.0-4-gdea44cf6ec (webtiles) character file.

Game seed: 11065584669925884395

422 qw the Chopper (level 6, -1/37 HPs)
             Began as a Tengu Warper on Aug 28, 2022.
             Slain by Pikel
             ... wielding a +1 whip of freezing
              (7 damage)
             ... on level 4 of the Dungeon.
             The game lasted 00:00:23 (3910 turns).

qw the Chopper (Tengu Warper)                       Turns: 3910, Time: 00:00:23

Health: -1/37      AC:  7    Str: 10 (13) XL:     6   Next: 95%
Magic:  10/10      EV: 13    Int: 11 (13) God:
Gold:   54         SH:  4    Dex: 11 (14) Spells: 9/9 levels left

rFire   . . .      SeeInvis .   b - +0 war axe
rCold   . . .      Faith    .   j - +0 buckler
rNeg    . . .      Spirit   .   g - +0 scale mail
rPois   .          Reflect  .   (helmet restricted)
rElec   .          Harm     .   (no cloak)
rCorr   .          Rampage  .   h - +0 pair of gloves
Will    .....                   (boots unavailable)
Stlth   ..........              i - amulet of the acrobat
HPRegen 0.12/turn               k - +4 ring of evasion
MPRegen 0.12/turn               (no ring)

@: flying quickly and evasively, quick
A: beak, talons 3, nimble flight
a: no special abilities


You were on level 4 of the Dungeon.
You visited 1 branch of the dungeon, and saw 4 of its levels.

You collected 205 gold pieces.
You spent 151 gold pieces at shops.


Innate Abilities, Weirdness & Mutations

You have a beak for a mouth.
You have claws for feet.
Your magical nature lets you fly swiftly and evasively.


   Skills:
 - Level 3.2 Fighting
 - Level 7.0 Axes
 - Level 1.0 Throwing
 - Level 1.1 Armour
 - Level 2.1 Dodging
 + Level 1.6 Shields
 - Level 2.0 Spellcasting
 - Level 2.4 Translocations


You had 9 spell levels left.
You didn't know any spells.
Your spell library contained the following spells:

 Spells                   Type           Power      Damage    Failure   Level
 Blink                    Tloc           12%        N/A       83%         2
 Gell's Gravitas          Tloc           6%         N/A       97%         3
 Lesser Beckoning         Tloc           6%         N/A       97%         3
 Teleport Other           Tloc           6%         N/A       97%         3
 Manifold Assault         Tloc           6%         N/A       100%        5

Inventory:

Hand Weapons
 b - a +0 war axe (weapon)
 l - a +0 flail
Armour
 g - a +0 scale mail (worn)
 h - a +0 pair of gloves (worn)
 j - a +0 buckler (worn)
Jewellery
 i - an amulet of the acrobat (around neck)
 k - a +4 ring of evasion (left hand)
Scrolls
 e - 2 scrolls of identify
Potions
 d - a potion of brilliance {unknown}
 f - a potion of berserk rage {unknown}
 m - a potion of mutation
 o - a potion of flight {unknown}

Dungeon Overview and Level Annotations

Branches:
Dungeon (4/15)
 Temple: D:4-7

Altars:
Gozag
Zin

Shops:
D:1 ?   D:3 ?[[

Annotations:
D:4 Pikel


Message History

The orc is almost dead.
You hear an angry hiss.
The orc barely misses you. You block the orc's attack.
You slash the orc!
You kill the orc!
You slash the lemure! Your kick misses the lemure.
The lemure is moderately wounded.
The lemure closely misses you.
You slash the lemure!
The lemure is severely wounded.
The lemure hits you.
You slash the lemure!
You kill the lemure!
That felt strangely unrewarding.
You barely miss Pikel. Your kick misses Pikel. You block Pikel's attack.
An iguana comes into view.
The iguana hisses angrily.
You hit Pikel. Your kick misses Pikel. Your peck misses Pikel.
Pikel is lightly wounded.
Pikel closely misses you.
A lemure comes into view.
Pikel barely misses you.
A lemure comes into view.
You closely miss Pikel.
Pikel is lightly wounded.
The lemure shouts!
Pikel closely misses you.
You closely miss Pikel. You claw Pikel.
Pikel is lightly wounded.
Pikel barely misses you.
You miss Pikel.
Pikel is lightly wounded.
Pikel hits you with a +1 whip of freezing.
Pikel freezes you.
You slash Pikel!
Pikel is moderately wounded.
You block Pikel's attack.
Pikel hits you with a +1 whip of freezing!
You die...

#.###.## #.# #.##...##
#.# #.#.....## # #.###
#........##.# #..).
#...........# #..##
#........#### #..#
#.#.....###########..#
##.#..l...............#
....55K@#############.#
!.....))%...# #....#
.............# #.####
###.........# #<#
...........# #.#
.............. #.#
..#.........#.# #.#
..#...........> ..# #.#


You could see Pikel, 2 lemures and an iguana.

Vanquished Creatures
  Grinder (D:3)
  A lemure (D:4)
  A necrophage (D:4)
  An orc priest (D:4)
  Ijyb (D:3)
  3 adders
  A gnoll (D:1)
  3 worms
  3 dart slugs
  3 orcs (D:4)
  5 ball pythons
  9 bats
  8 endoplasms
  2 giant cockroaches (D:1)
  6 goblins
  5 hobgoblins
  4 quokkas
  A frilled lizard (D:2)
  8 kobolds
  A rat (D:1)
67 creatures vanquished.

Vanquished Creatures (others)
  22 plants (D:3)
22 creatures vanquished.

Grand Total: 89 creatures vanquished

Notes
Turn   | Place    | Note
-------+----------+-------------------------------------------
     0 | D:1      | qw the Tengu Warper began the quest for the Orb.
     0 | D:1      | Reached XP level 1. HP: 12/12 MP: 4/4
     0 | D:1      | 0 ||| qw: Version: 0.1-a-89-g26bdef1
     0 | D:1      | 0 ||| qw: Game counter: 1477
     0 | D:1      | 0 ||| qw: Always use a shield: true
     0 | D:1      | 0 ||| qw: God list: Okawaru
     0 | D:1      | 0 ||| qw: Allow faded altars: false
     0 | D:1      | 0 ||| qw: Do Orc after D:15 true
     0 | D:1      | 0 ||| qw: Do second Lair branch before Depths: true
     0 | D:1      | 0 ||| qw: Lair rune preference: random
     0 | D:1      | 0 ||| qw: Plans: Normal
     0 | D:1      | 0 ||| PLANNING D:1-11
    42 | D:1      | 42 ||| Stepping ~*~*~tactically~*~*~ (hiding).
   151 | D:1      | 151 ||| Stepping ~*~*~tactically~*~*~ (hiding).
   318 | D:1      | Reached skill level 3 in Axes
   318 | D:1      | Reached XP level 2. HP: 16/17 MP: 6/6
   329 | D:1      | Found Ibumach's Magic Scroll Shop.
   338 | D:1      | 338 ||| SHOPLISTING 3 scrolls of identify (72 gold, have
                  | 0).
   338 | D:1      | 338 ||| SHOPLISTING 3 scrolls of teleportation (108 gold,
                  | have 0).
   338 | D:1      | 338 ||| SHOPLISTING scroll of acquirement (624 gold, have
                  | 0).
   338 | D:1      | 338 ||| SHOPLISTING scroll of identify (24 gold, have 0).
   338 | D:1      | 338 ||| SHOPLISTING scroll of teleportation (36 gold, have
                  | 0).
   424 | D:1      | 424 ||| Stepping ~*~*~tactically~*~*~ (stealth).
   425 | D:1      | 425 ||| Stepping ~*~*~tactically~*~*~ (stealth).
   436 | D:1      | 436 ||| DROPPING +0 club.
   565 | D:1      | 565 ||| Stepping ~*~*~tactically~*~*~ (hiding).
   667 | D:1      | 667 ||| Stepping ~*~*~tactically~*~*~ (hiding).
   769 | D:1      | 769 ||| Stepping ~*~*~tactically~*~*~ (hiding).
   793 | D:1      | 793 ||| Stepping ~*~*~tactically~*~*~ (stealth).
   822 | D:1      | 822 ||| Stepping ~*~*~tactically~*~*~ (stealth).
   858 | D:1      | Reached skill level 4 in Axes
   858 | D:1      | Reached XP level 3. HP: 21/21 MP: 7/7
   915 | D:1      | 915 ||| DROPPING +0 whip.
  1432 | D:1      | 1432 ||| Stepping ~*~*~tactically~*~*~ (stealth).
  1573 | D:1      | 1573 ||| UPGRADING to +0 scale mail.
  1583 | D:1      | 1583 ||| DROPPING +0 leather armour.
  1584 | D:1      | 1584 ||| UPGRADING to amulet of the acrobat.
  1589 | D:1      | 1589 ||| READING scroll labelled FAOWENK YSKASI.
  1590 | D:1      | 1590 ||| READING 3 scrolls labelled HAK WYIHUITO.
  1591 | D:1      | 1591 ||| READING scroll labelled MEUHARCH UNUPAT.
  1592 | D:1      | 1592 ||| READING scroll labelled QESYUT BABLOU.
  1593 | D:1      | 1593 ||| READING scroll labelled KINONI CEKETZ.
  1594 | D:1      | 1594 ||| DRINKING 2 puce potions.
  1595 | D:1      | 1595 ||| READING 2 scrolls of identify.
  1595 | D:1      | 1595 ||| IDENTIFYING green potion
  1596 | D:1      | 1596 ||| DROPPING scroll of blinking.
  1807 | D:2      | Reached XP level 4. HP: 26/26 MP: 8/8
  2006 | D:2      | Found a faded altar of an unknown god.
  2032 | D:2      | 2032 ||| Stepping ~*~*~tactically~*~*~ (stealth).
  2034 | D:2      | 2034 ||| Stepping ~*~*~tactically~*~*~ (stealth).
  2144 | D:2      | 2144 ||| SWAPPING to +0 war axe.
  2145 | D:2      | 2145 ||| DROPPING +0 hand axe.
  2575 | D:2      | Reached skill level 5 in Axes
  2712 | D:3      | Found Vadiysui's Antique Armour Emporium.
  2719 | D:3      | Found Ufasmi Suti's Antique Armour Shoppe.
  2727 | D:3      | 2727 ||| SHOPLISTING +3 crown of Dyrovepreva {rElec Int+2
                  | SInv} (952 gold, have 123).
  2727 | D:3      | 2727 ||| BUYING buckler (103 gold).
  2727 | D:3      | Bought a buckler for 103 gold pieces
  2780 | D:3      | Noticed Grinder
  2784 | D:3      | Paralysed by Grinder for 4 turns
  2794 | D:3      | HP: 4/26 [Grinder (3)]
  2795 | D:3      | 2795 ||| DRINKING 2 potions of heal wounds.
  2798 | D:3      | 2798 ||| DRINKING potion of heal wounds.
  2798 | D:3      | Paralysed by Grinder for 2 turns
  2802 | D:3      | Killed Grinder
  2803 | D:3      | Reached skill level 7 in Axes
  2803 | D:3      | Gained mutation: Your magical nature lets you fly swiftly
                  | and evasively. [Tengu growth]
  2803 | D:3      | Reached XP level 5. HP: 30/30 MP: 9/9
  2803 | D:3      | Reached XP level 6. HP: 35/35 MP: 10/10
  2815 | D:3      | 2815 ||| SHOPLISTING chain mail (126 gold, have 20).
  2815 | D:3      | 2815 ||| SHOPLISTING cloak (126 gold, have 20).
  2815 | D:3      | 2815 ||| SHOPLISTING glowing scarf (224 gold, have 20).
  2815 | D:3      | 2815 ||| SHOPLISTING runed orb (336 gold, have 20).
  2961 | D:3      | Found Baveg's Magic Scroll Emporium.
  2962 | D:3      | Noticed Ijyb
  2971 | D:3      | Killed Ijyb
  2972 | D:3      | 2972 ||| FLEEEEING.
  2973 | D:3      | 2973 ||| FLEEEEING.
  2976 | D:3      | 2976 ||| FLEEEEING.
  2977 | D:3      | 2977 ||| FLEEEEING.
  2978 | D:3      | 2978 ||| FLEEEEING.
  2979 | D:3      | 2979 ||| FLEEEEING.
  2980 | D:3      | 2980 ||| FLEEEEING.
  2981 | D:3      | 2981 ||| FLEEEEING.
  2982 | D:3      | 2982 ||| FLEEEEING.
  2983 | D:3      | 2983 ||| FLEEEEING.
  3004 | D:3      | 3004 ||| FLEEEEING.
  3006 | D:3      | 3006 ||| STAIRDANCE
  3078 | D:2      | 3078 ||| UPGRADING to +0 pair of gloves.
  3083 | D:2      | 3083 ||| UPGRADING to +0 buckler.
  3088 | D:2      | 3088 ||| UPGRADING to +4 ring of evasion.
  3089 | D:2      | 3089 ||| DRINKING 3 sapphire potions.
  3090 | D:2      | 3090 ||| DROPPING 2 potions of degeneration.
  3146 | D:3      | 3146 ||| SHOPLISTING scroll of enchant weapon (90 gold,
                  | have 61).
  3146 | D:3      | 3146 ||| BUYING scroll of identify (24 gold).
  3146 | D:3      | Bought a scroll of identify for 24 gold pieces
  3146 | D:3      | 3146 ||| BUYING scroll of identify (24 gold).
  3146 | D:3      | Bought a scroll of identify for 24 gold pieces
  3146 | D:3      | 3146 ||| SHOPLISTING scroll of identify (24 gold, have 13).
  3146 | D:3      | 3146 ||| SHOPLISTING scroll of teleportation (36 gold, have
                  | 13).
  3162 | D:3      | 3162 ||| Stepping ~*~*~tactically~*~*~ (hiding).
  3305 | D:3      | 3305 ||| Stepping ~*~*~tactically~*~*~ (stealth).
  3390 | D:3      | Found an opulent altar of Gozag.
  3545 | D:3      | Found a glowing silver altar of Zin.
  3568 | D:3      | 3568 ||| Stepping ~*~*~tactically~*~*~ (stealth).
  3754 | D:3      | 3754 ||| READING 3 scrolls of identify.
  3754 | D:3      | 3754 ||| IDENTIFYING bubbling grey potion
  3755 | D:3      | 3755 ||| READING 2 scrolls of identify.
  3755 | D:3      | 3755 ||| IDENTIFYING pink potion
  3756 | D:3      | 3756 ||| DROPPING potion of invisibility.
  3757 | D:3      | 3757 ||| DROPPING potion of lignification.
  3823 | D:4      | Reached skill level 1 in Shields
  3889 | D:4      | 3889 ||| Stepping ~*~*~tactically~*~*~ (hiding).
  3898 | D:4      | Reached skill level 3 in Fighting
  3899 | D:4      | Noticed Pikel
  3909 | D:4      | HP: 7/37 [Pikel/+1 whip of freezing (5)]
  3910 | D:4      | Slain by Pikel

Levels and vault maps discovered:
D:1:      dpeg_arrival_boxorama, layout_basic, serial_shops, shop_scrolls,
          chequers_garden, minmay_tromino_v7
D:2:      layout_basic, hellmonk_ecumenical_altar_crossroads,
          chequers_serial_rivers_marsh, minmay_quadrilaterals
D:3:      layout_loops_cross, mainiacjoe_overflow_concentric_impassable,
          lemuel_round_altar, serial_shops, nicolae_square_shop,
          nicolae_shop_waterfront, nicolae_square_shop, serial_bayou,
          serial_bayou_shore_a, serial_bayou_pond_c, serial_bayou_crossing,
          serial_bayou_ford_a, serial_bayou_lake_a, serial_bayou_pond_c,
          kennysheep_generic_room_15, uniq_ijyb, uniq_grinder
D:4:      layout_loops_ring, trog_ov_bears_minmay, serial_shops, shop,
          uniq_pikel, uniq_duvessa

Skill      XL: |  1  2  3  4  5  6 |
---------------+-------------------+-----
Axes           | 3 4 7 |  7.0
Shields        | 1 |  1.6
Fighting       | 3 |  3.2
Throwing       | |  1.0
Armour         | |  1.1
Dodging        | |  2.1
Spellcasting   | |  2.0
Translocations | |  2.4

Action                   |  1- 3 |  4- 6 || total
-------------------------+-------+-------++-------
Melee: Hand axe          |    79 |    21 ||   100
       Peck              |    10 |     7 ||    17
       Kick              |    17 |    24 ||    41
       Punch             |     1 |     1 ||     2
       War axe           |       |    76 ||    76
Throw: Boomerang         |     7 |       ||     7
  Use: Scroll            |     6 |     2 ||     8
       Potion            |     1 |     3 ||     4
Armor: Leather armour    |    13 |       ||    13
       Scale mail        |    10 |    31 ||    41
Dodge: Dodged            |    42 |    48 ||    90
Block: Buckler           |       |     8 ||     8

Table legend:
 A = Non-vault XP
 B = Vault XP
 C = Vault XP percentage of total XP
 D = Non-vault monster count
 E = Vault monster count
 F = Vault count percentage of total count
                 A         B        C        D         E       F
            +---------+---------+-------+---------+---------+-------
      Total |     272 |     331 |  54.9 |      54 |      12 |  18.2
            +---------+---------+-------+---------+---------+-------
        D:1 |      56 |       7 |  11.1 |      23 |       4 |  14.8
        D:2 |      33 |      19 |  36.5 |      11 |       5 |  31.2
        D:3 |      41 |     305 |  88.2 |      12 |       3 |  20.0
        D:4 |     142 |       0 |   0.0 |       8 |       0 |   0.0
            +---------+---------+-------+---------+---------+-------
